Map: 强酸工厂 - 天梯版

Players

herO

  • Race: Protoss Protoss
  • Spawn Location: 11:00

Neeb - Winner!

  • Race: Protoss Protoss
  • Spawn Location: 5:00

Event: 2018 Hangzhou StarCraft Carnival

VOD

Have the link to the VOD?

Description

Time

  • Played on: May 1, 2018, 3:35 a.m.
  • Length: 12:24

All games in this series

Show
View Real Time Build Order
Export as new Build Order

herO Protoss 

Build Orders: Zealot Archon, Dark Templar Rush 

Get SALT Encoding   

  12  0:00  Probe  
  13  0:12  Probe  
  14  0:17  Pylon  
  14  0:24  Probe  
  15  0:32  Probe  
  15  0:36  Gateway  
  15  0:40  Probe  
  16  0:46  Assimilator  
  17  0:51  Probe  
  17  0:54  Assimilator  
  18  1:03  Probe  
  19  1:07  Gateway  
  19  1:15  Probe  
  20  1:23  Cybernetics Core  
  20  1:27  Probe  
  20  1:31  Pylon  
  21  1:39  Probe  
  22  1:51  Stalker x2, Probe  
  23  1:59  Warp Gate  
  27  2:09  Pylon  
  27  2:20  Adept x2  
  31  2:27  Twilight Council  
  31  2:33  Probe  
  35  3:05  Dark Shrine  
  31  3:06  Nexus  
  31  3:18  Shield Battery  
  31  3:28  Robotics Facility  
  31  3:29  Probe  
  31  3:41  Probe  
  31  3:42  Shield Battery  
  32  3:53  Probe  
  32  4:05  Probe  
  32  4:06  Stalker x2  
  32  4:12  Blink  
  32  4:14  Probe x2  
  32  4:22  Probe x2  
  32  4:23  Observer  
  37  4:32  Probe  
  37  4:33  Probe  
  38  4:44  Probe  
  38  4:45  Probe  
  40  4:47  Stalker  
  42  4:53  Stalker  
  42  4:55  Probe  
  42  4:57  Probe  
  46  5:03  Observer, Probe  
  46  5:04  Pylon  
  47  5:09  Probe  
  47  5:11  Probe  
  50  5:21  Probe  
  50  5:27  Probe  
  52  5:33  Probe, Immortal  
  57  5:38  Assimilator, Sentry  
  57  5:41  Assimilator, Sentry  
  62  5:47  Pylon  
  62  5:49  Probe  
  62  6:01  Pylon, Probe  
  62  6:03  Immortal  
  62  6:05  Probe  
  62  6:09  Probe  
  64  6:15  Pylon  
  64  6:17  Probe  
  70  6:19  Probe  
  70  6:21  Pylon  
  70  6:24  Charge  
  71  6:30  Probe  
  71  6:32  Probe  
  73  6:37  Gateway  
  73  6:41  Immortal  
  77  6:49  Templar Archives  
  77  6:57  Zealot  
  77  6:58  Probe x2  
  81  7:06  Pylon  
  79  7:11  Probe  
  79  7:12  Gateway, Probe  
  79  7:14  Gateway  
  79  7:15  Stalker  
  83  7:16  Warp Prism  
  81  7:26  High Templar  
  81  7:28  Probe x2  
  84  7:44  High Templar x2  
  84  7:49  Gateway, Nexus  
  88  7:54  Archon  
  88  7:55  Observer  
  88  7:56  Gateway  
  88  8:03  Gateway  
  88  8:04  High Templar  
  90  8:07  Pylon  
  90  8:09  Archon  
  90  8:10  Zealot  
  92  8:19  High Templar x2, Zealot  
  98  8:21  Pylon  
  98  8:22  Pylon  
  98  8:25  Archon  
  98  8:36  Probe x2  
  100  8:49  Zealot x2, Stalker x3  
  100  8:52  Zealot  
  112  8:57  Zealot  
  100  9:22  Dark Shrine  
  100  9:23  Probe x3  
  89  9:24  High Templar x2, Zealot  
  89  9:25  Zealot x3  
  93  9:33  Assimilator  
  93  9:35  Probe x3  
  93  9:36  High Templar  
  93  9:37  High Templar, Assimilator  
  100  9:47  Probe x2  
  100  9:48  Probe  
  100  9:49  Pylon, Shield Battery  
  103  9:58  Zealot  
  105  10:00  Observer  
  105  10:03  Zealot x4  
  105  10:04  Archon  
  105  10:05  Sentry  
  116  10:10  Probe  
  116  10:11  Shield Battery, Immortal  
  116  10:13  Archon  
  121  10:30  High Templar  
  121  10:33  Probe x3  
  126  10:37  Dark Templar x3  
  126  10:38  Zealot  
  132  10:49  Zealot x2  
  109  10:51  Dark Templar  
  85  10:58  Dark Templar  
  85  11:01  Dark Templar  
  85  11:02  Zealot x2  
  52  11:37  Probe x2  
  48  11:50  Probe x2  
  48  11:51  Dark Templar x3  
  48  11:53  Dark Templar  
  54  11:58  Zealot x4  
  57  12:02  Probe  
  57  12:03  Probe  
Show
View Real Time Build Order
Export as new Build Order

Neeb Protoss - Winner!

Build Orders: Oracle Opening, Archon Immortal, Zealot Archon 

Get SALT Encoding   

  12  0:00  Probe  
  13  0:12  Probe  
  14  0:17  Pylon  
  14  0:23  Probe  
  15  0:31  Probe  
  16  0:36  Gateway  
  16  0:39  Probe  
  16  0:47  Assimilator  
  17  0:50  Probe  
  17  0:54  Assimilator  
  18  0:58  Probe  
  19  1:07  Gateway, Probe  
  20  1:18  Probe  
  20  1:25  Cybernetics Core  
  21  1:30  Probe  
  22  1:36  Pylon  
  22  1:42  Probe  
  23  1:54  Probe  
  24  2:01  Adept x2  
  24  2:02  Warp Gate  
  24  2:06  Probe  
  29  2:13  Pylon  
  29  2:28  Stargate  
  28  2:32  Stalker  
  28  2:33  Stalker  
  32  2:58  Nexus  
  32  3:01  Oracle  
  32  3:11  Probe  
  36  3:21  Shield Battery  
  36  3:23  Probe  
  37  3:35  Pylon, Probe  
  38  3:42  Robotics Facility  
  38  3:47  Probe  
  39  3:59  Probe  
  40  4:04  Shield Battery  
  38  4:11  Stalker, Probe  
  38  4:13  Probe  
  42  4:19  Probe  
  42  4:20  Pylon  
  42  4:21  Probe  
  41  4:27  Observer, Oracle, Probe  
  41  4:29  Probe  
  47  4:35  Stalker  
  50  4:39  Stalker  
  50  4:41  Probe  
  50  4:44  Probe  
  54  4:47  Immortal  
  54  4:50  Pylon  
  54  4:58  Probe x2  
  60  5:03  Assimilator  
  60  5:07  Assimilator  
  60  5:09  Sentry  
  60  5:10  Probe  
  60  5:11  Probe  
  64  5:17  Pylon  
  64  5:18  Forge  
  64  5:22  Immortal  
  64  5:27  Probe  
  64  5:28  Probe  
  70  5:36  Probe  
  70  5:39  Probe  
  70  5:41  Protoss Ground Weapons Level 1  
  72  5:44  Probe  
  72  5:45  Pylon  
  73  5:51  Probe  
  73  5:53  Twilight Council  
  74  5:58  Gateway  
  74  6:00  Gateway, Immortal  
  74  6:11  Zealot, Sentry  
  82  6:14  Pylon  
  82  6:27  Gateway  
  82  6:29  Charge  
  82  6:32  Gateway  
  82  6:34  Photon Cannon  
  82  6:35  Pylon  
  82  6:38  Immortal  
  86  6:50  Templar Archives  
  86  6:57  Zealot  
  86  6:58  Zealot x2  
  92  7:10  Nexus  
  92  7:12  Immortal  
  94  7:22  Probe  
  94  7:26  Probe  
  95  7:30  Pylon  
  95  7:31  Pylon  
  95  7:35  Probe  
  96  7:38  Probe  
  96  7:41  High Templar x2  
  101  7:45  Archon  
  101  7:51  Immortal  
  101  7:54  Nexus  
  105  8:07  Zealot x4  
  105  8:09  Pylon  
  113  8:12  Protoss Ground Weapons Level 2  
  113  8:13  Pylon  
  113  8:21  Gateway  
  113  8:23  Gateway  
  113  8:27  High Templar x2  
  113  8:28  Warp Prism  
  113  8:31  Archon  
  119  8:42  High Templar  
  119  8:43  High Templar, Zealot x2  
  119  8:46  Pylon  
  119  8:47  Archon  
  127  9:06  Pylon  
  127  9:09  Probe  
  128  9:11  Pylon, Zealot x2  
  128  9:13  Probe  
  128  9:14  Probe  
  129  9:21  Probe  
  123  9:25  Probe  
  123  9:27  Immortal  
  123  9:28  Probe  
  123  9:29  Pylon  
  123  9:30  High Templar x2  
  129  9:32  Pylon  
  129  9:35  Archon  
  129  9:41  Pylon  
  133  9:50  Zealot x4  
  141  9:58  Immortal  
  141  10:00  Pylon  
  141  10:05  Pylon  
  145  10:10  High Templar  
  145  10:11  High Templar, Zealot x3  
  155  10:14  Zealot  
  155  10:15  Archon  
  157  10:28  Pylon  
  157  10:35  Zealot x3  
  163  10:38  Observer  
  163  10:40  Zealot x3  
  170  10:43  Pylon  
  164  10:52  Observer  
  156  10:58  Zealot x4  
  131  11:11  Observer  
  122  11:23  Zealot x7  
  125  11:54  High Templar x3  
  127  11:56  High Templar  
  127  11:57  High Templar x2, Zealot  
  127  11:58  High Templar, Zealot x3  
  139  12:02  Archon  
  139  12:04  Archon  
  130  12:19  Zealot x4  
Tags
 
Add a new tag
Caveats
  • Supply blocks, unpowered buildings, or Contaminate may cause inaccurate times.
  • Supply counts are checked every 10 seconds.